 Dungeon Crawl Stone Soup version 0.30-a0-870-gc5d4c5acee (webtiles) character file.

Game seed: 16545365523893805252

98 Indecide the Sneak (level 4, 35/35 HPs)
             Began as a Barachi Brigand on Mar 11, 2023.
             Was an Initiate of Yredelemnul.
             Quit the game on level 3 of the Dungeon.
             The game lasted 00:34:50 (2159 turns).

Indecide the Sneak (Barachi Brigand)                Turns: 2159, Time: 00:34:51

Health: 35/35      AC:  6    Str: 12    XL:     4   Next: 71%
Magic:  4/4        EV: 10    Int: 11    God:    Yredelemnul [......]
Gold:   107        SH:  0    Dex: 16    Spells: 0/3 levels left

rFire   . . .      SeeInvis .    i - +4 whip (drain)
rCold   . . .      Faith    .    (no shield)
rNeg    . . .      Spirit   .    y - +0 ring mail
rPois   .          Reflect  .    (no helmet)
rElec   .          Rampage  .    c - +0 cloak
rCorr   .                        (no gloves)
Will    .....                    (no boots)
Stlth   ++                       (no amulet)
HPRegen 0.25/turn                (no ring)
MPRegen 0.09/turn                (no ring)

@: slow
A: amphibious, slowness 1, strong legs 1, +LOS
a: Hop, Renounce Religion, Recall Undead Harvest


You were on level 3 of the Dungeon.
You worshipped Yredelemnul.
Yredelemnul was noncommittal.
You visited 1 branch of the dungeon, and saw 3 of its levels.

You collected 107 gold pieces.

Inventory:

Hand Weapons
 a - a +2 dagger
 h - a +0 dagger
 i - a +4 whip of draining (weapon)
 l - a +0 spear
 m - a +0 dagger
 o - a +0 club
 q - a +0 club
 s - a +0 dagger
 t - a +2 falchion of holy wrath
 w - a +0 short sword
 x - a +0 hand axe
 z - a +0 club
 F - a +0 spear
 I - a +0 dagger
Missiles
 d - 12 poisoned darts (quivered)
 j - 25 stones
 C - 2 curare-tipped darts
Armour
 b - a +0 robe
 c - a +0 cloak (worn)
 e - a +0 leather armour
 r - a +0 leather armour
 u - a +0 leather armour
 v - a +0 robe
 y - a +0 ring mail (worn)
 B - a +0 robe
 H - a +0 leather armour
 J - a +0 robe
Scrolls
 f - 2 scrolls of identify
 g - 2 scrolls of teleportation
 p - 2 scrolls of noise
 A - a scroll of brand weapon {unknown}
 D - a scroll of magic mapping {unknown}
 G - a scroll of vulnerability {unknown}
Potions
 k - a potion of cancellation {unknown}
 n - a potion of resistance {unknown}
 E - a potion of lignification {unknown}


   Skills:
 + Level 3.0 Fighting
 + Level 2.1(2.2) Short Blades
 + Level 0.3(1.5) Long Blades
 + Level 0.1 Maces & Flails
 + Level 0.4 Polearms
 + Level 3.4 Throwing
 + Level 1.4 Dodging
 + Level 4.3 Stealth


You couldn't memorise any spells.
You knew the following spells:

 Your Spells              Type           Power      Damage    Failure   Level
a - Poisonous Vapours     Pois/Air       0%         N/A       77%         2
b - Sting                 Tmut/Pois      0%         1d3       63%         1

Your spell library contained the following spells:

 Spells                   Type           Power      Damage    Failure   Level
 Olgreb's Toxic Radiance  Pois           0%         N/A       100%        4


Dungeon Overview and Level Annotations

Branches:
Dungeon (3/15)

Altars:
Fedhas
Vehumet
Yredelemnul


Innate Abilities, Weirdness & Mutations

You are amphibious.
You cover ground slowly.
You can hop short distances.
You have an extended range of vision and can be seen from far away.


Message History

You throw a poisoned dart. The poisoned dart hits the endoplasm.
Hit: i) +4 whip (drain)
Press: ? - help, Dir - move target, f/p - endoplasm
Aim: an endoplasm (heavily wounded, poisoned, about 13% to evade your +4 whip of draining)
You hit the endoplasm.
You kill the endoplasm!
The dead are walking!
You swap places.
d - 8 poisoned darts (gained 1)
d - 9 poisoned darts (gained 1)
Found a stone staircase leading down.
d - 10 poisoned darts (gained 1)
d - 12 poisoned darts (gained 2)
There is a stone staircase leading down here.
j - 25 stones (gained 4)
You swap places.
Found a robe.
A rat comes into view.
Your endoplasm zombie barely misses the rat.
You closely miss the rat. The rat bites you but does no damage.
Your endoplasm zombie barely misses the rat.
You barely miss the rat. The rat barely misses you.
Your endoplasm zombie barely misses the rat.
Hit: i) +4 whip (drain)
Press: ? - help, Dir - move target, f - rat
Aim: a rat (ally target, about 35% to evade your +4 whip of draining)
You closely miss the rat. The rat bites you but does no damage.
Your endoplasm zombie barely misses the rat.
Hit: i) +4 whip (drain)
Press: ? - help, Dir - move target, f/p - rat
Aim: a rat (ally target, about 35% to evade your +4 whip of draining)
You whack the rat!
You kill the rat!
The dead are walking!
You see here a +0 robe.
J - a +0 robe You swap places.
You swap places.
You swap places.
Are you sure you want to abandon this character and quit the game? (Confirm with "yes".)

###.#########..##.#########....
#.# #..##+##### ##### #.#
#.........# #.# #.......... #.#
#.........# #.# #.Z.......# #.#
#.Z.......#
##.#########.........#
#............@##.#####
#..#########.## .# #..# #.## .#
#..# ##..## # #..# #8..8## #...
#...._# #.## ##..### #. #.....#
#. ###..###


You could see a friendly rat zombie and a friendly endoplasm zombie.

Vanquished Creatures
  An orc priest (D:2)
  An adder (D:2)
  A worm (D:2)
  A dart slug (D:1)
  3 orcs (D:2)
  3 ball pythons
  4 endoplasms
  2 giant cockroaches
  A goblin (D:1)
  2 hobgoblins
  5 jackals (D:2)
  4 kobolds
  4 quokkas
  6 bats
  3 frilled lizards (D:1)
  7 rats
48 creatures vanquished.

Notes
Turn   | Place    | Note
-------+----------+-------------------------------------------
     0 | D:1      | Indecide the Barachi Brigand began the quest for the Orb.
     0 | D:1      | Reached XP level 1. HP: 17/17 MP: 1/1
   155 | D:1      | Reached XP level 2. HP: 14/23 MP: 2/2
   483 | D:1      | Reached skill level 4 in Stealth
   775 | D:1      | Reached XP level 3. HP: 28/28 MP: 3/3
  1208 | D:2      | Found a faded altar of an unknown god.
  1232 | D:2      | Reached XP level 4. HP: 12/35 MP: 4/4
  1646 | D:2      | Learned a level 2 spell: Poisonous Vapours
  1648 | D:2      | Learned a level 1 spell: Sting
  1921 | D:2      | Prayed at the altar of an unknown god.
  1921 | D:2      | Became a worshipper of Yredelemnul the Dark
  1921 | D:2      | Reached * piety under Yredelemnul
  1978 | D:3      | Found a blossoming altar of Fedhas.
  2000 | D:3      | Found a radiant altar of Vehumet.
  2159 | D:3      | Quit the game

Illustrated notes

Levels and vault maps discovered:
D:1:      lemuel_arrival_room, layout_basic, chequers_serial_rivers_micro_c,
          chequers_serial_rivers_small_3
D:2:      layout_rooms, basic_ecumenical_altar
D:3:      layout_basic, nicolae_overflow_crystal_walls, zin_purify,
          gammafunk_temple_overflow_forgotten, minitemple, minmay_ogre_servants

Skill      XL: |  1  2  3 |
---------------+----------+-----
Stealth        | 4 |  4.3
Fighting       | 3 |  3.0
Throwing       | 3 |  3.4
Short Blades   | |  2.1
Long Blades    | |  0.3
Maces & Flails | |  0.1
Polearms       | |  0.4
Dodging        | |  1.4

Action                     |  1- 3 |  4- 6 || total
---------------------------+-------+-------++-------
  Melee: Whip              |    14 |     7 ||    21
         Spear             |    22 |     4 ||    26
         Punch             |     1 |       ||     1
         Falchion          |       |    17 ||    17
  Throw: Dart              |    62 |    34 ||    96
   Cast: Poisonous Vapours |       |     1 ||     1
Ability: Hop               |     3 |     1 ||     4
    Use: Scroll            |     2 |       ||     2
 Armour: Robe              |    17 |     1 ||    18
         Ring mail         |       |    10 ||    10
  Dodge: Dodged            |    43 |    16 ||    59

Table legend: (Time is in decaauts)
 A = Elapsed time spent in this place.
 B = Non-inter-level travel time spent in this place.
 C = Inter-level travel time spent in this place.
 D = Time resting spent in this place.
 E = Time spent auto-exploring this place.
 F = Levels seen in this place.
 G = Mean time per level.
                   A        B        C        D        E       F      G
               +--------+--------+--------+--------+--------+-----+--------+
         Total |   2504 |   2504 |      0 |     58 |    118 |   3 |  834.7 |
       Dungeon |   2504 |   2504 |      0 |     58 |    118 |   3 |  834.7 |
               +--------+--------+--------+--------+--------+-----+--------+

Top non-repeatable levels by time:
     D:1: 1301 daAuts
     D:2: 992 daAuts
     D:3: 210 daAuts
